 Dungeon Crawl Stone Soup version 0.18.1-50-g88ac8fd (webtiles) character file.

252862 FloraKitsune the Warrior (level 18, 0/264 HPs)
             Began as a Minotaur Gladiator on Oct 20, 2016.
             Was the Champion of Okawaru.
             Killed by vampiric draining
             ... invoked by Jory
              (17 damage)
             ... on level 2 of the Vaults.
             The game lasted 01:20:33 (40098 turns).

FloraKitsune the Warrior (Minotaur Gladiator)      Turns: 40098, Time: 01:20:34

Health: 0/264      AC: 36    Str: 28    XL:     18   Next: 98%
Magic:  22/25      EV: 35    Int:  4    God:    Okawaru [******]
Gold:   3381       SH:  0    Dex: 31    Spells: 0 memorised, 17 levels left

rFire  + + .     SeeInvis +     c - +5 lajatang of the Pyrrhic Victory {slice, rPois MR+ Dex+2 SInv}
rCold  . . .     Gourm    .     g - +8 chain mail "Gozas" {rPois Regen+ Int-3 Dex+8}
rNeg   . . .     Faith    .     (shield currently unavailable)
rPois  +         Spirit   .     w - +2 hat {MR+}
rElec  .         Dismiss  .     D - +2 cloak
rCorr  .         Reflect  .     L - +2 pair of gloves {Dex+3}
SustAt +         Harm     .     R - +2 pair of boots
MR     ++++.                    t - amulet of Eleon {RegenMP rF++ Int+4}
Stlth  ..........               x - ring of sustain attributes
                                u - +6 ring of evasion (curse)

@: berserking, very quick, incredibly resistant to hostile enchantments,
extremely unstealthy
A: retaliatory headbutt, horns 2, dopey 1, magic resistance 1, poison
resistance, strong 1, wild magic 1
a: Heroism, Finesse, Renounce Religion
}: 2/15 runes: decaying, serpentine


You were on level 2 of the Vaults.
You worshipped Okawaru.
Okawaru was exalted by your worship.
You were hungry.

You visited 7 branches of the dungeon, and saw 36 of its levels.
You also visited: Labyrinth, Trove and Ossuary.

You collected 4151 gold pieces.
You spent 770 gold pieces at shops.

Inventory:

Hand Weapons
 c - the +5 lajatang of the Pyrrhic Victory (weapon) {slice, rPois MR+ Dex+2 SInv}
   (You found it in a labyrinth)

   It inflicts extra damage upon your enemies.
   It affects your dexterity (+2).
   It protects you from poison.
   It affects your resistance to hostile enchantments.
   It lets you see invisible.
 Y - the +3 quarterstaff of Spite {freeze, rPois Int+2 SInv Stlth+}
   (You took it off a spriggan on level 4 of the Lair of Beasts)

   It has been specially enchanted to freeze those struck by it, causing extra
   injury to most foes and up to half again as much damage against particularly
   susceptible opponents.
   It can also slow down cold-blooded creatures.
   It affects your intelligence (+2).
   It protects you from poison.
   It lets you see invisible.
   It makes you more stealthy.
Missiles
 d - 10 throwing nets (quivered)
Armour
 g - the +8 chain mail "Gozas" (worn) {rPois Regen+ Int-3 Dex+8}
   (You found it on level 15 of the Dungeon)

   It affects your intelligence (-3).
   It affects your dexterity (+8).
   It protects you from poison.
   It increases your rate of regeneration.
 w - a +2 hat of magic resistance (worn)
 D - a +2 cloak (worn)
 L - a +2 pair of gloves of dexterity (worn)
 R - a +2 pair of boots (worn)
Jewellery
 a - the amulet of Hunnixeh {Faith rElec rF++ MR- Str+3}
   (You found it on level 7 of the Lair of Beasts)

   [amulet of faith]

   It allows you to gain divine favour quickly.
   It affects your strength (+3).
   It greatly protects you from fire.
   It insulates you from electricity.
   It affects your resistance to hostile enchantments.
 b - the ring of Dawn {+Fly rC- rN+++ Int-2 Slay+2}
   (You found it in a treasure trove)

   [ring of slaying]

   It affects your intelligence (-2).
   It affects your accuracy and damage with ranged weapons and melee attacks
   (+2).
   It makes you vulnerable to cold.
   It renders you almost immune to negative energy.
   It lets you fly.
 s - the ring "Etaun" {Ice rElec rPois SInv Stlth+}
   (You found it in a treasure trove)

   [ring of ice]

   It enhances your ice magic, and weakens your fire magic.
   It makes you vulnerable to fire.
   It protects you from cold.
   It insulates you from electricity.
   It protects you from poison.
   It lets you see invisible.
   It makes you more stealthy.
 t - the amulet of Eleon (around neck) {RegenMP rF++ Int+4}
   (You found it in a labyrinth)

   [amulet of magic regeneration]

   It increases your magic regeneration.
   It affects your intelligence (+4).
   It greatly protects you from fire.
 u - a cursed +6 ring of evasion (left hand)
 x - a ring of sustain attributes (right hand)
 G - an uncursed amulet of regeneration
 O - the ring "Omahyxt" {rElec rPois rF+ rC- AC+5}
   (You found it on level 1 of the Snake Pit)

   [ring of protection]

   It affects your AC (+5).
   It protects you from fire.
   It makes you vulnerable to cold.
   It insulates you from electricity.
   It protects you from poison.
 P - an uncursed ring of sustain attributes
 X - an uncursed amulet of faith {unknown}
Wands
 v - a wand of hasting (4/9)
 C - a wand of acid (6/15)
 J - a wand of digging (14/24)
Scrolls
 i - a scroll of holy word
 j - 19 scrolls of remove curse
 m - 3 scrolls of enchant weapon
 n - 14 scrolls of teleportation
 q - 9 scrolls of enchant armour
 r - 5 scrolls of recharging
 z - 3 scrolls of fog
 Q - 2 scrolls of identify
 W - a scroll of fear
 Z - 4 scrolls of blinking
Potions
 e - 2 potions of invisibility
 h - 4 potions of haste
 l - 6 potions of resistance
 o - 9 potions of curing
 A - 8 potions of cure mutation
 B - 3 potions of agility
 I - 2 potions of cancellation
 K - a potion of berserk rage
 M - a potion of might
 N - a potion of magic
 T - 3 potions of heal wounds
 U - 3 potions of flight
Miscellaneous
 y - a fan of gales
 S - a lamp of fire
Comestibles
 f - 16 bread rations
 k - 4 royal jellies
 p - a slice of pizza
 E - 13 meat rations
 F - 3 beef jerkies
 H - 38 fruits


   Skills:
 + Level 19.2 Fighting
 - Level 14.4 Staves
 - Level 2.0 Throwing
 + Level 19.0 Armour
 + Level 18.1 Dodging
 - Level 10.9 Invocations
 + Level 10.2 Evocations


You had 17 spell levels left.
You didn't know any spells.

Dungeon Overview and Level Annotations

Branches:
Dungeon (15/15)            Temple (1/1) D:4            Lair (8/8) D:10
  Swamp (4/4) Lair:5        Snake (4/4) Lair:3        Slime (0/6) Lair:8
    Orc (2/2) D:9             Elf (0/3) Orc:2        Vaults (2/5) D:13
 Depths (0/5) D:15
  Crypt: Vaults:2-3

Altars:
Ashenzari
Cheibriados
Dithmenos
Elyvilon
Fedhas
Gozag
Kikubaaqudgha
Makhleb
Nemelex Xobeh
Okawaru
Pakellas
Qazlal
Ru
Sif Muna
Trog
Vehumet
Xom
Yredelemnul
Zin
The Shining One
Beogh
Jiyva
Lugonu

Shops:
D:14 ?   Orc:2 :*(*   Snake:3 =

Annotations:
Lair:6 exclusion: oklob plant
Vaults:2 Jory


Innate Abilities, Weirdness & Mutations

You reflexively headbutt those who attack you in melee.
You have a pair of horns on your head.
You are dopey. (Int -2)
You are resistant to hostile enchantments.
Your system is resistant to poisons.
Your muscles are strong. (Str +2)
Your spells are a little harder to cast, but a little more powerful.


Message History

Your finesse ends abruptly.
You feel yourself moving faster!
You feel mighty!
Unknown command.
You barely miss Jory. You headbutt Jory!!
Jory is severely damaged.
Jory is infused with unholy energy.
* * * LOW HITPOINT WARNING * * *
Jory draws life force from you and is healed!
You slice Jory!!
Jory is severely damaged.
You hit Jory but do no damage. You headbutt Jory, but do no damage.
Jory is severely damaged.
Jory is infused with unholy energy.
* * * LOW HITPOINT WARNING * * *
Jory draws life force from you and is healed!
You slice Jory!!
Jory is severely damaged.
You hit Jory but do no damage. You headbutt Jory, but do no damage.
Jory is severely damaged.
Jory is infused with unholy energy.
You die...

##################
...................
....................
.....................
......................##
......V...............#.
.......@[......?......#.
#######†##............#.
#..#............#.
...#............#.
....#............#(
...#.#............#(
##++ #####.........'.
#.........#.
#.........#.


You could see Jory.

Vanquished Creatures
  Vashnia (Snake:2)
  Gastronok (D:8)
  7 greater nagas (Snake:4)
  A frost giant (Vaults:2)
  2 vault wardens (Vaults:1)
  A deep elf sorcerer (Vaults:1)
  5 ironheart preservers (Vaults:1)
  A deep elf annihilator (Vaults:1)
  7 vault guards
  A deep elf death mage (Vaults:1)
  2 death oozes (Swamp:4)
  2 green deaths (Swamp:4)
  A minotaur (Lab)
  3 fire dragons
  2 yaktaur captains (Vaults:1)
  A great orb of eyes (Vaults:1)
  A rakshasa (Vaults:1)
  16 hydras
  18 naga warriors
  An ice dragon (Vaults:1)
  Harold (D:11)
  A hell beast (Swamp:4)
  4 ogre magi (Vaults:1)
  Erica (D:8)
  4 centaur warriors
  3 ghost crabs
  5 anacondas
  5 alligators
  A death knight (D:15)
  2 tengu warriors (D:15)
  9 death yaks
  The ghost of ololoev the Unseen, a journeyman SpEn of Ashenzari (D:12)
  A deep troll shaman (Lair:8)
  6 orc high priests
  21 naga sharpshooters
  5 shock serpents
  3 thrashing horrors (Swamp:4)
  A fire crab (shapeshifter) (D:15)
  4 deep trolls (Vaults:1)
  8 naga ritualists
  A wizard (Vaults:1)
  2 fire crabs
  6 swamp dragons
  2 shambling mangroves
  A giant orange brain (D:15)
  4 deep elf archers (Vaults:1)
  An unseen horror (D:15)
  3 spriggan druids
  2 ironbrand convokers (Vaults:1)
  7 hill giants
  A phantasmal warrior (D:15)
  17 ugly things
  8 orc knights
  An anubis guard (shapeshifter) (D:15)
  A necromancer (Vaults:1)
  7 mana vipers
  3 orc sorcerers (Orc:2)
  6 deep elf magi
  2 hornets (Swamp:4)
  A hornet (shapeshifter) (D:15)
  9 salamanders
  7 griffons
  4 centaur zombies
  2 cyclopes
  An ice statue (D:15)
  Psyche (D:11)
  25 naga magi
  13 elephants
  A gargoyle (D:11)
  3 vault sentinels (Vaults:1)
  40 black mambas
  7 guardian serpents
  A black mamba (shapeshifter) (Vaults:1)
  3 orange demons (Swamp:4)
  2 centaur skeletons
  30 spiny frogs
  3 freezing wraiths
  2 rime drakes
  A spiny frog (shapeshifter) (D:15)
  A rime drake (shapeshifter) (D:15)
  5 kobold demonologists
  6 komodo dragons
  6 trolls
  7 two-headed ogres
  Grinder (D:6)
  6 giant leeches
  3 polar bears
  10 bog bodies
  A large abomination (Swamp:4)
  2 boulder beetles
  29 blink frogs
  20 slime creatures
  4 spriggans
  2 shadows
  4 wraiths
  4 wyverns
  62 yaks
  8 hippogriffs
  A hungry ghost (D:11)
  5 basilisks
  9 vampire mosquitoes
  A soldier ant (D:15)
  53 nagas
  26 swamp worms
  3 wargs
  A small abomination (Swamp:4)
  A soldier ant (shapeshifter) (Vaults:1)
  27 water moccasins
  10 porcupines
  25 orc warriors
  4 ice beasts
  A sky beast (shapeshifter) (D:15)
  10 swamp drakes
  4 phantoms
  2 black bears
  An eye of draining (D:11)
  7 wasps
  2 sky beasts
  5 centaurs
  A necrophage (D:9)
  27 ogres
  13 wolves
  4 boggarts (Vaults:1)
  16 crocodiles
  4 big kobolds
  18 giant frogs
  A wyvern zombie (D:15)
  A gnoll sergeant (D:9)
  A wyvern skeleton (D:8)
  3 scorpions
  9 killer bees
  9 wights (D:11)
  6 electric eels
  A jelly (D:13)
  4 howler monkeys
  11 crimson imps
  A human simulacrum (Vaults:1)
  2 giant frog zombies
  26 orc priests
  27 orc wizards
  7 hounds
  A gnoll shaman (D:9)
  19 iguanas
  9 worker ants
  A boulder beetle simulacrum (Vaults:1)
  21 sheep
  9 mummies
  A hound skeleton (D:9)
  3 worker ant zombies (D:5)
  14 gnolls
  9 adders
  A howler monkey skeleton (D:4)
  58 river rats
  2 shadow imps
  An ooze (D:1)
  2 adder skeletons
  2 adder zombies
  2 worms
  3 dart slugs
  10 giant geckos
  97 orcs
  9 bats
  9 giant cockroaches
  8 hobgoblins
  8 jackals
  18 kobolds
  4 quokkas
  A giant gecko zombie (D:5)
  10 giant newts
  A gnoll zombie (Ossuary)
  8 goblins
  6 hobgoblin zombies
  A jackal skeleton (D:4)
  3 kobold zombies (Ossuary)
  2 orc zombies
  3 rats
  A fungus (Lair:8)
1319 creatures vanquished.

Vanquished Creatures (collateral kills)
  An orc sorcerer (Orc:2)
  A naga mage (Snake:4)
2 creatures vanquished.

Vanquished Creatures (others)
  A vault warden (Vaults:1)
  A naga mage (Snake:4)
  A yaktaur simulacrum (Vaults:2)
  A swamp worm (Swamp:4)
  2 orcs (Vaults:1)
  A goblin (D:1)
  9 fungi
16 creatures vanquished.

Grand Total: 1337 creatures vanquished

Notes
Turn   | Place    | Note
--------------------------------------------------------------
     0 | D:1      | FloraKitsune the Minotaur Gladiator began the quest for the Orb.
     0 | D:1      | Reached XP level 1. HP: 18/18 MP: 0/0
   291 | D:1      | Reached XP level 2. HP: 25/25 MP: 1/1
   744 | D:1      | Reached skill level 5 in Staves
  1071 | D:2      | Reached XP level 3. HP: 24/30 MP: 2/2
  1244 | D:2      | Found an oddly glowing altar of Pakellas.
  1916 | D:3      | Reached XP level 4. HP: 35/37 MP: 3/3
  2284 | D:3      | Found a shadowy altar of Dithmenos.
  2525 | D:3      | Found an iron altar of Okawaru.
  2528 | D:3      | Found a deep blue altar of Sif Muna.
  2528 | D:3      | Found an ancient bone altar of Kikubaaqudgha.
  2533 | D:3      | Found a snail-covered altar of Cheibriados.
  2535 | D:3      | Became a worshipper of Warmaster Okawaru
  3030 | D:4      | Found a sand-covered staircase.
  3039 | Ossuary  | Entered an ossuary
  3125 | Ossuary  | Reached XP level 5. HP: 38/42 MP: 4/4
  3993 | D:4      | Found a staircase to the Ecumenical Temple.
  4012 | Temple   | Entered the Ecumenical Temple
  4103 | D:4      | Reached XP level 6. HP: 46/50 MP: 5/5
  4199 | D:4      | Found a white marble altar of Elyvilon.
  5128 | D:5      | Entered Level 5 of the Dungeon
  5194 | D:5      | Reached XP level 7. HP: 56/56 MP: 6/6
  5234 | D:5      | Found a sacrificial altar of Ru.
  5260 | D:5      | Reached * piety under Okawaru
  5260 | D:5      | Reached skill level 10 in Staves
  5447 | D:5      | HP: 2/56 [orc priest/divine providence (14)]
  5450 | D:5      | Reached skill level 1 in Armour
  5741 | D:5      | Reached XP level 8. HP: 27/66 MP: 7/7
  6430 | D:5      | Found a sparkling altar of Nemelex Xobeh.
  6507 | D:5      | Reached skill level 5 in Dodging
  6515 | D:5      | Reached ** piety under Okawaru
  6797 | D:5      | Reached skill level 5 in Fighting
  7296 | D:6      | Reached skill level 5 in Armour
  7453 | D:6      | Noticed Grinder
  7499 | D:6      | Paralysed by Grinder for 4 turns
  7506 | D:6      | Killed Grinder
  7670 | D:6      | Reached XP level 9. HP: 72/75 MP: 8/8
  8013 | D:7      | Reached *** piety under Okawaru
  8568 | D:7      | Found a bloodstained altar of Trog.
  8568 | D:7      | Found an opulent altar of Gozag.
  8789 | D:8      | Reached **** piety under Okawaru
  8791 | D:8      | Noticed Gastronok
  8812 | D:8      | Killed Gastronok
  8812 | D:8      | Reached XP level 10. HP: 42/91 MP: 9/9
  8826 | D:8      | Noticed Erica
  9081 | D:8      | Noticed a griffon
  9091 | D:8      | Killed a griffon
  9091 | D:8      | Received a gift from Okawaru
  9440 | D:8      | Reached ***** piety under Okawaru
  9453 | D:8      | Reached skill level 10 in Fighting
  9730 | D:8      | Killed Erica
  9730 | D:8      | Received a gift from Okawaru
  9987 | D:9      | Gained mutation: You are dopey. (Int -2) [potion of mutation]
  9987 | D:9      | Gained mutation: Your system is resistant to poisons. [potion of mutation]
  9988 | D:9      | Gained mutation: You are very dopey. (Int -4) [potion of mutation]
  9988 | D:9      | Gained mutation: You are agile. (Dex +2) [potion of mutation]
  9988 | D:9      | Lost mutation: You are agile. (Dex +2) [potion of mutation]
  9989 | D:9      | Gained mutation: You are resistant to hostile enchantments. [potion of mutation]
  9989 | D:9      | Gained mutation: Your muscles are strong. (Str +2) [potion of mutation]
  9989 | D:9      | Lost mutation: You are very dopey. (Int -4) [potion of mutation]
  9990 | D:9      | Gained mutation: Your spells are a little harder to cast, but a little more powerful. [potion of mutation]
  9990 | D:9      | Lost mutation: You are dopey. (Int -2) [potion of mutation]
  9990 | D:9      | Gained mutation: You are dopey. (Int -2) [potion of mutation]
 10159 | D:9      | Received a gift from Okawaru
 10164 | D:9      | Reached XP level 11. HP: 89/98 MP: 10/10
 10993 | D:9      | Found a staircase to the Orcish Mines.
 11041 | D:10     | Entered Level 10 of the Dungeon
 11179 | D:10     | Found a staircase to the Lair.
 11655 | Lair:1   | Entered Level 1 of the Lair of Beasts
 12149 | Lair:1   | Reached skill level 1 in Invocations
 12441 | Lair:1   | Reached skill level 10 in Armour
 12591 | Lair:1   | Reached skill level 10 in Dodging
 12600 | Lair:1   | Reached XP level 12. HP: 30/108 MP: 13/13
 12898 | Lair:1   | Received a gift from Okawaru
 13473 | Lair:2   | Found a labyrinth entrance.
 13482 | Lab      | Entered a labyrinth
 14140 | Lab      | Noticed a minotaur
 14152 | Lab      | Killed a minotaur
 14164 | Lab      | Got a crystal lajatang
 14164 | Lab      | Got a glittering golden amulet
 14168 | Lab      | Identified the +5 lajatang of the Pyrrhic Victory {slice, rPois MR+ Dex+2 SInv} (You found it in a labyrinth)
 14443 | Lair:2   | Identified the amulet of Eleon {RegenMP rF++ Int+4} (You found it in a labyrinth)
 15214 | Lair:3   | Found a staircase to the Snake Pit.
 15416 | Lair:3   | Received a gift from Okawaru
 15441 | Lair:3   | Found a deep blue altar of Sif Muna.
 15534 | Lair:3   | Reached skill level 5 in Invocations
 15885 | Lair:4   | Reached ****** piety under Okawaru
 15887 | Lair:4   | Got a bloodstained quarterstaff {freeze}
 16471 | Lair:4   | Noticed an eight-headed hydra
 16473 | Lair:4   | Identified the cursed +3 quarterstaff of Spite {freeze, rPois Int+2 SInv Stlth+} (You took it off a spriggan on level 4 of the Lair of Beasts)
 16480 | Lair:4   | Killed an eight-headed hydra
 16906 | Lair:5   | Noticed a four-headed hydra
 16930 | Lair:5   | Killed a four-headed hydra
 16960 | Lair:5   | Received a gift from Okawaru
 16965 | Lair:5   | Reached XP level 13. HP: 111/118 MP: 16/16
 17500 | Lair:5   | Found a staircase to the Swamp.
 17748 | Lair:6   | Found an oddly glowing altar of Pakellas.
 18135 | Lair:6   | Received a gift from Okawaru
 19061 | Lair:7   | Received a gift from Okawaru
 19070 | Lair:7   | Got a dazzling quarterstaff {god gift}
 19071 | Lair:7   | Identified the +0 quarterstaff of the Crypt {freeze, Dex+3} (Okawaru gifted it to you on level 7 of the Lair of Beasts)
 19685 | Lair:7   | Got a bound ivory amulet
 19855 | Lair:7   | Identified the amulet of Hunnixeh {Faith rElec rF++ MR- Str+3} (You found it on level 7 of the Lair of Beasts)
 19901 | Lair:8   | Entered Level 8 of the Lair of Beasts
 19918 | Lair:8   | Reached XP level 14. HP: 103/129 MP: 19/19
 20640 | Lair:8   | Found a viscous altar of Jiyva.
 20640 | Lair:8   | Found a staircase to the Slime Pits.
 20751 | Lair:8   | Received a gift from Okawaru
 21710 | Lair:4   | Received a gift from Okawaru
 21713 | Lair:4   | Got a translucent ring mail {god gift}
 21868 | Orc:1    | Entered Level 1 of the Orcish Mines
 22349 | Orc:1    | Found a roughly hewn altar of Beogh.
 22908 | Orc:2    | Entered Level 2 of the Orcish Mines
 23111 | Orc:2    | Found a staircase to the Elven Halls.
 24153 | Orc:2    | Found Ettapran's Book Shop.
 24153 | Orc:2    | Found Kuutoiff's General Store.
 24165 | Orc:2    | Found Jimidghu's Antique Weapon Shop.
 24165 | Orc:2    | Found Numypic's Assorted Antiques.
 24306 | Orc:2    | Bought a scroll labeled TURIESH MANY for 23 gold pieces
 24308 | Orc:2    | Bought a scroll of identify for 26 gold pieces
 24308 | Orc:2    | Bought a scroll of enchant armour for 97 gold pieces
 24323 | Orc:2    | Identified the +0 ring mail of Sin {Dex+8} (Okawaru gifted it to you on level 4 of the Lair of Beasts)
 24711 | D:11     | Noticed Harold
 24717 | D:11     | Killed Harold
 24754 | D:11     | Reached skill level 10 in Invocations
 24997 | D:11     | Noticed Psyche
 25001 | D:11     | Killed Psyche
 25109 | D:11     | Received a gift from Okawaru
 25109 | D:11     | Reached XP level 15. HP: 139/139 MP: 21/21
 25408 | D:12     | Noticed ololoev's ghost (journeyman SpEn)
 25417 | D:12     | Killed ololoev's ghost
 25539 | D:12     | Found a portal to a secret trove of treasure.
 25669 | D:12     | Identified a scroll of acquirement
 26291 | D:13     | Found a gate to the Vaults.
 26309 | D:13     | Reached skill level 15 in Fighting
 26309 | D:13     | Reached skill level 15 in Armour
 27052 | D:14     | Received a gift from Okawaru
 27457 | D:14     | Found Hiohuq's Magic Scroll Emporium.
 27460 | D:14     | Bought a scroll of acquirement for 624 gold pieces
 27533 | D:15     | Entered Level 15 of the Dungeon
 27581 | D:15     | Got a crude chain mail
 28120 | D:15     | Found a staircase to the Depths.
 28125 | D:15     | Reached skill level 1 in Evocations
 28221 | D:15     | Found a basalt altar of Yredelemnul.
 28892 | Lair:2   | Identified the +8 chain mail "Gozas" {rPois Regen+ Int-3 Dex+8} (You found it on level 15 of the Dungeon)
 28892 | Lair:2   | Lost intelligence.
 29071 | Swamp:1  | Entered Level 1 of the Swamp
 29309 | Swamp:2  | Received a gift from Okawaru
 29610 | Swamp:1  | Reached skill level 15 in Dodging
 29845 | Swamp:2  | Reached XP level 16. HP: 151/151 MP: 23/23
 30218 | Swamp:2  | Received a gift from Okawaru
 30819 | Swamp:3  | Got a pair of polished gloves
 30820 | Swamp:3  | Identified the cursed +0 pair of gloves of the Hanged Man {*Drain Int-5 Dex+8 SInv} (You found it on level 3 of the Swamp)
 31209 | Swamp:4  | Entered Level 4 of the Swamp
 32110 | Swamp:4  | Reached skill level 5 in Evocations
 32178 | Swamp:4  | Received a gift from Okawaru
 32357 | Swamp:4  | Got a decaying rune of Zot
 32978 | D:12     | You paid a toll of a wand of heal wounds (9) to enter a treasure trove
 32979 | Trove    | Entered a treasure trove
 32997 | Trove    | Got a warped pewter ring
 33000 | Trove    | Got a smoking brass ring
 33002 | Trove    | Identified the ring of Dawn {+Fly rC- rN+++ Int-2 Slay+2} (You found it in a treasure trove)
 33019 | Trove    | Identified the ring "Etaun" {Ice rElec rPois SInv Stlth+} (You found it in a treasure trove)
 33076 | Trove    | Got a clouded graven amulet
 33082 | Trove    | Got a clouded ruby amulet
 33087 | Trove    | Identified the amulet of Freedom {-Tele +Rage Str+5} (You found it in a treasure trove)
 33090 | Trove    | Identified the amulet "Ficuth" {RegenMP MP+9} (You found it in a treasure trove)
 33239 | Snake:1  | Entered Level 1 of the Snake Pit
 33316 | Snake:1  | Received a gift from Okawaru
 33439 | Snake:1  | Found a snail-covered altar of Cheibriados.
 33444 | Snake:1  | Got a serpentine lapis lazuli ring
 33445 | Snake:1  | Identified the ring "Omahyxt" {rElec rPois rF+ rC- AC+5} (You found it on level 1 of the Snake Pit)
 33981 | Snake:2  | Reached XP level 17. HP: 161/161 MP: 24/24
 34126 | Snake:2  | Received a gift from Okawaru
 34572 | Snake:3  | Noticed Vashnia
 35061 | Snake:2  | Killed Vashnia
 35143 | Snake:3  | Received a gift from Okawaru
 35300 | Snake:3  | Found Esmifa's Jewellery Shop.
 36323 | Snake:4  | Entered Level 4 of the Snake Pit
 36333 | Snake:4  | Received a gift from Okawaru
 37131 | Snake:4  | Received a gift from Okawaru
 37421 | Snake:4  | Reached XP level 18. HP: 172/172 MP: 25/25
 37866 | Snake:4  | Got a serpentine rune of Zot
 38332 | Vaults:1 | Entered Level 1 of the Vaults
 38576 | Vaults:1 | Received a gift from Okawaru
 39224 | Vaults:1 | Received a gift from Okawaru
 39242 | Vaults:1 | Reached skill level 10 in Evocations
 40050 | Vaults:2 | Received a gift from Okawaru
 40051 | Vaults:2 | Noticed Jory
 40098 | Vaults:2 | Killed from afar by Jory

Skill      XL: |  1  2  3  4  5  6  7  8  9 10 11 12 13 14 15 16 17 18 |
---------------+-------------------------------------------------------+-----
Staves         | 4 5 6 7 8 9 10 12 14 | 14.4
Armour         | 2 5 9 10 12 13 14 15 17 18 19 | 19.0
Fighting       | 3 6 9 10 12 13 14 16 17 18 19 | 19.2
Dodging        | 4 6 9 10 11 12 13 15 16 17 18 | 18.1
Invocations    | 3 6 8 10 | 10.9
Evocations     | 3 6 8 10 | 10.2
Throwing       | |  2.0

Action                   |  1- 3 |  4- 6 |  7- 9 | 10-12 | 13-15 | 16-18 || total
-------------------------+-------+-------+-------+-------+-------+-------++-------
Melee: Quarterstaff      |   111 |   155 |   335 |   537 |    20 |    74 ||  1232
       Headbutt          |    11 |    26 |    73 |   171 |   343 |   575 ||  1199
       Lajatang          |       |       |       |   210 |  1287 |  1443 ||  2940
Invok: Heroism           |       |       |     1 |     3 |       |       ||     4
       Finesse           |       |       |       |     1 |       |     2 ||     3
Evoke: Wand              |       |       |     2 |       |     6 |     2 ||    10
       Lamp of fire      |       |       |       |       |       |     1 ||     1
  Use: Scroll            |       |     7 |     4 |    16 |    19 |    13 ||    59
       Potion            |       |     1 |     5 |    10 |       |     1 ||    17
 Stab: Invisible         |       |       |     3 |       |       |       ||     3
       Distracted        |       |       |       |       |       |     1 ||     1
  Eat: Chunk             |     3 |     1 |    11 |    22 |    38 |    18 ||    93
       Meat ration       |       |     1 |       |       |       |       ||     1
       Bread ration      |       |     1 |       |     1 |       |     3 ||     5
       Pizza             |       |       |       |     1 |     2 |       ||     3
       Beef jerky        |       |       |       |       |       |     1 ||     1
       Royal jelly       |       |       |       |       |       |     1 ||     1
       Fruit             |       |       |       |       |       |     1 ||     1
Armor: Leather armour    |    39 |    23 |    24 |       |       |       ||    86
       Chain mail        |       |       |    66 |   215 |   331 |   412 ||  1024
       Skin              |       |       |     6 |    39 |       |       ||    45
       Plate armour      |       |       |       |       |    81 |       ||    81
Dodge: Dodged            |    90 |    87 |   146 |   298 |   781 |  1901 ||  3303
Block: Other             |       |       |       |    47 |    99 |       ||   146
       Reflection        |       |       |       |       |     3 |       ||     3
